[Event "German Bundesliga 2023-24"]
[Site "Germany"]
[Date "2024.02.04"]
[Round "8.5"]
[White "Maiwald, Jens-Uwe"]
[Black "Cornette, Matthieu"]
[Result "1/2-1/2"]
[ECO "B30"]
[WhiteElo "2445"]
[BlackElo "2588"]
[Annotator "ChessBase"]
[PlyCount "107"]
[EventDate "2023.10.20"]
[EventType "team-tourn"]
[EventCountry "GER"]
[SourceTitle "playchess.com"]
[Source "ChessBase"]
[SourceQuality "1"]
[TimeControl "40/6000+30:3000+30"]

1. e4 c5 2. Nf3 Nc6 3. Bb5 e6 4. O-O Nge7 5. Re1 Ng6 6. c3 a6 7. Bf1 Be7 8. d4 cxd4 9. cxd4 d5 10. e5 O-O 11. g3 f6 12. exf6 Rxf6 13. Bg5 Rf8 14. Bxe7 Ngxe7 15. Nc3 Nf5 16. Ne2 Qf6 17. Bg2 g5 18. Qd2 h6 19. Rad1 Bd7 20. Ne5 Qg7 21. Nxc6 Bxc6 22. Nc3 Rf6 23. Re5 Raf8 24. Qe1 Bd7 25. Rd2 Ne7 26. Bh3 g4 27. Bg2 Ng6 28. Re3 h5 29. Nd1 h4 30. Rc3 hxg3 31. hxg3 Bc6 32. Re2 Re8 33. Qd2 Ne7 34. Re5 Kf7 35. Rh5 Qg6 36. Rh1 Rg8 37. Ne3 Nf5 38. Nxf5 Qxf5 39. Re3 Bb5 40. Rc3 Bc6 41. Rh4 Ke8 42. Bf1 Rgf8 43. Rh2 Qb1 44. Rc1 Qxa2 45. Qb4 Qa4 46. Qb6 Kd7 47. Bd3 a5 48. Rxc6 Qd1+ 49. Bf1 bxc6 50. Rh7+ R6f7 51. Qb7+ Ke8 52. Qxc6+ Ke7 53. Qc7+ Ke8 54. Qc8+ 1/2-1/2

[Event "German Bundesliga 2023-24"]
[Site "Germany"]
[Date "2024.02.04"]
[Round "8.6"]
[White "Laurent-Paoli, Pierre"]
[Black "Tischbierek, Raj"]
[Result "0-1"]
[ECO "E12"]
[WhiteElo "2540"]
[BlackElo "2423"]
[Annotator "RC"]
[PlyCount "102"]
[EventDate "2023.10.20"]
[EventType "team-tourn"]
[EventCountry "GER"]
[SourceTitle "playchess.com"]
[Source "ChessBase"]
[SourceQuality "1"]
[TimeControl "40/6000+30:3000+30"]

1. d4 Nf6 2. c4 e6 3. Nf3 b6 4. a3 Ba6 5. Qb3 d5 6. cxd5 exd5 7. Nc3 Be7 8. Bg5 c6 9. g3 O-O 10. Bg2 Re8 11. O-O Ne4 12. Bxe7 Rxe7 13. Rfe1 Nd7 14. e3 Bb7 15. Rad1 Qc7 16. Qc2 Ndf6 17. Ne5 Nxc3 18. Qxc3 c5 19. f3 cxd4 20. Qxc7 Rxc7 21. exd4 Rc2 22. Nd3 Kf8 23. Rc1 Rac8 24. Rxc2 Rxc2 25. Rc1 Rc4 26. Rxc4 dxc4 27. Ne5 b5 28. f4 Bxg2 29. Kxg2 Nd5 30. Kf3 f5 31. Nc6 a6 32. Nb8 Nc7 33. Ke3 Ke7 34. d5 Kd6 35. Kd4 Nxd5 36. Nxa6 Nf6 37. Nb4 Ng4 38. h3 Nf2 39. Nd5 Nxh3 40. Ne3 g6 41. a4 bxa4 42. Kxc4 Nf2 43. Kb4 Ne4 44. Nf1 Kd5 45. Kxa4 Kd4 46. b4 Kd3 47. Kb3 Nd6 48. Ka4 Ke2 49. Ka5 Kxf1 50. Kb6 Ne4 51. Kb5 Kf2 0-1

[Event "German Bundesliga 2023-24"]
[Site "Germany"]
[Date "2024.02.04"]
[Round "8.6"]
[White "Ferreira, Jorge Viterbo"]
[Black "Jovanovic, Zoran"]
[Result "1/2-1/2"]
[ECO "E94"]
[WhiteElo "2525"]
[BlackElo "2513"]
[Annotator "RC"]
[PlyCount "59"]
[EventDate "2023.10.20"]
[EventType "team-tourn"]
[EventCountry "GER"]
[SourceTitle "playchess.com"]
[Source "ChessBase"]
[SourceQuality "1"]
[TimeControl "40/6000+30:3000+30"]

1. d4 d6 2. Nf3 g6 3. c4 Bg7 4. Nc3 Nf6 5. e4 O-O 6. Be2 e5 7. O-O Bg4 8. dxe5 Bxf3 9. exf6 Bxe2 10. Qxe2 Qxf6 11. Nd5 Qd8 12. Be3 Re8 13. Qc2 Nd7 14. Rad1 c6 15. Nc3 Qe7 16. Bd4 Be5 17. f4 Bxd4+ 18. Rxd4 a5 19. Rfd1 Nc5 20. g3 Rad8 21. Qd2 Ra8 22. Qc2 Rad8 23. Qd2 Ra8 24. f5 Qe5 25. Rxd6 Nxe4 26. Nxe4 Qxe4 27. f6 h5 28. Qh6 Qe3+ 29. Qxe3 Rxe3 30. Rd8+ 1/2-1/2

[Event "German Bundesliga 2023-24"]
[Site "Germany"]
[Date "2024.02.04"]
[Round "8.6"]
[White "Ftacnik, Lubomir"]
[Black "Smeets, Jan"]
[Result "0-1"]
[ECO "D17"]
[WhiteElo "2455"]
[BlackElo "2535"]
[Annotator "ChessBase"]
[PlyCount "101"]
[EventDate "2023.10.20"]
[EventType "team-tourn"]
[EventCountry "GER"]
[SourceTitle "playchess.com"]
[Source "ChessBase"]
[SourceQuality "1"]
[TimeControl "40/6000+30:3000+30"]

1. Nf3 d5 2. d4 Nf6 3. c4 c6 4. Nc3 dxc4 5. a4 Bf5 6. Ne5 e6 7. f3 Bb4 8. Nxc4 O-O 9. Bg5 h6 10. Bh4 c5 11. dxc5 Qxd1+ 12. Rxd1 Bc2 13. Rd2 Bb3 14. e4 Nbd7 15. Bf2 Bxc4 16. Bxc4 Rfc8 17. Ke2 Bxc3 18. bxc3 Nxc5 19. Bxc5 Rxc5 20. Bd3 Rxc3 21. Rb1 Rb8 22. Rdb2 Rd8 23. Rd2 Rc7 24. Bb5 Rxd2+ 25. Kxd2 Kf8 26. Bd3 Ke7 27. f4 Nd7 28. g3 Kd8 29. h4 Kc8 30. e5 h5 31. Rb4 g6 32. Be2 Nb6 33. g4 hxg4 34. Bxg4 Nd5 35. Rd4 Rd7 36. Rc4+ Kd8 37. Ke2 Rc7 38. Rd4 Rc2+ 39. Kf3 Ke7 40. h5 f5 41. exf6+ Nxf6 42. Bh3 Rc3+ 43. Kg2 gxh5 44. Rb4 b6 45. a5 Nd5 46. Re4 Re3 47. Rxe3 Nxe3+ 48. Kf3 Nd5 49. axb6 Nxb6 50. Ke4 Kf6 51. Kd4 0-1

[Event "German Bundesliga 2023-24"]
[Site "Germany"]
[Date "2024.02.04"]
[Round "8.6"]
[White "Hertneck, Gerald"]
[Black "Kozak, Adam"]
[Result "0-1"]
[ECO "D36"]
[WhiteElo "2441"]
[BlackElo "2600"]
[Annotator "ChessBase"]
[PlyCount "86"]
[EventDate "2023.10.20"]
[EventType "team-tourn"]
[EventCountry "GER"]
[SourceTitle "playchess.com"]
[Source "ChessBase"]
[SourceQuality "1"]
[TimeControl "40/6000+30:3000+30"]

1. d4 Nf6 2. Nf3 d5 3. c4 e6 4. Nc3 c6 5. cxd5 exd5 6. Bg5 Be7 7. e3 Nbd7 8. Qc2 Nh5 9. Bxe7 Qxe7 10. Be2 g6 11. g4 Ng7 12. h4 Nb6 13. Ne5 Be6 14. Nd3 h5 15. gxh5 Nxh5 16. Nc5 Bf5 17. Qb3 Ng7 18. a4 Rb8 19. a5 Nd7 20. Nxd7 Bxd7 21. Qa3 Qxa3 22. bxa3 Ke7 23. Kd2 Rbe8 24. Rab1 Bc8 25. Bf3 Rh6 26. e4 dxe4 27. Bxe4 Rd8 28. Ke3 Rh5 29. a4 Rxa5 30. Rhd1 Nf5+ 31. Bxf5 Rxf5 32. Rb4 Rh5 33. d5 cxd5 34. Rbd4 Be6 35. Rb1 b6 36. a5 Rc8 37. axb6 Rxc3+ 38. Kd2 Rc8 39. bxa7 Ra8 40. Ra4 Rhh8 41. Rb7+ Kd6 42. Ra6+ Ke5 43. Rab6 Rxh4 0-1

[Event "German Bundesliga 2023-24"]
[Site "Germany"]
[Date "2024.02.04"]
[Round "8.7"]
[White "Handke, Florian"]
[Black "Heinemann, Thies"]
[Result "1-0"]
[ECO "E17"]
[WhiteElo "2536"]
[BlackElo "2438"]
[Annotator "RC"]
[PlyCount "91"]
[EventDate "2023.10.20"]
[EventType "team-tourn"]
[EventCountry "GER"]
[SourceTitle "playchess.com"]
[Source "ChessBase"]
[SourceQuality "1"]
[TimeControl "40/6000+30:3000+30"]

1. d4 Nf6 2. c4 e6 3. Nf3 b6 4. g3 Bb7 5. Bg2 Be7 6. O-O O-O 7. Re1 Na6 8. Nc3 d5 9. cxd5 exd5 10. Bg5 c5 11. Ne5 Ne4 12. Bxe7 Qxe7 13. Rc1 Rfe8 14. e3 Nc7 15. f3 Nd6 16. dxc5 Qxe5 17. f4 Qe6 18. cxd6 Qxd6 19. a3 Rad8 20. Qd4 Ba8 21. Rcd1 Qf8 22. Re2 h6 23. Qa4 a6 24. Qd4 b5 25. Kf2 Qe7 26. Qb4 Qe6 27. Qc5 Rd7 28. Qd4 Qe7 29. Red2 Ne6 30. Qe5 f6 31. Qh5 d4 32. exd4 Nxd4 33. Nd5 Bxd5 34. Bxd5+ Rxd5 35. Qxd5+ Ne6 36. f5 Qc5+ 37. Qxc5 Nxc5 38. Rd8 Kf7 39. Rxe8 Kxe8 40. b4 Nb7 41. g4 Ke7 42. Re1+ Kd7 43. Re6 Nd6 44. Kg3 h5 45. h3 hxg4 46. Kxg4 1-0

[Event "German Bundesliga 2023-24"]
[Site "Germany"]
[Date "2024.02.04"]
[Round "8.7"]
[White "Kovacevic, Aleksandar"]
[Black "Winterberg, Lukas"]
[Result "1-0"]
[ECO "C11"]
[WhiteElo "2445"]
[BlackElo "2410"]
[Annotator "RC"]
[PlyCount "91"]
[EventDate "2023.10.20"]
[EventType "team-tourn"]
[EventCountry "GER"]
[SourceTitle "playchess.com"]
[Source "ChessBase"]
[SourceQuality "1"]
[TimeControl "40/6000+30:3000+30"]

1. e4 e6 2. d4 d5 3. Nc3 Nf6 4. e5 Nfd7 5. f4 c5 6. Nf3 Nc6 7. Be3 a6 8. Ne2 b5 9. c3 b4 10. cxb4 cxd4 11. Nexd4 Bxb4+ 12. Kf2 Nxd4 13. Nxd4 Bc5 14. Qd2 O-O 15. Rc1 a5 16. Bb5 Bb7 17. Rc2 Bxd4 18. Bxd4 f6 19. Bxd7 Qxd7 20. Rhc1 f5 21. Rc7 Qb5 22. a4 Qa6 23. b4 Rac8 24. b5 Qa8 25. R1c5 Rxc7 26. Rxc7 Rf7 27. Qc3 Qd8 28. Bb6 Qh4+ 29. Qg3 Qh5 30. Qg5 Qxh2 31. Rxf7 Kxf7 32. Bc5 Bc8 33. Qe7+ Kg6 34. Qg5+ Kf7 35. Qe7+ Kg6 36. Be3 d4 37. Bd2 Qh5 38. Qe8+ Kh6 39. Qxc8 d3 40. Qc1 Qe2+ 41. Kg1 Qe4 42. Qe1 Qxa4 43. Qh4+ Kg6 44. Qg3+ Kf7 45. Qxd3 Qd1+ 46. Kf2 1-0

[Event "German Bundesliga 2023-24"]
[Site "Germany"]
[Date "2024.02.04"]
[Round "8.7"]
[White "Hoffmann, Paul"]
[Black "Grigoriants, Sergey"]
[Result "1/2-1/2"]
[ECO "C24"]
[WhiteElo "2378"]
[BlackElo "2543"]
[Annotator "ChessBase"]
[PlyCount "70"]
[EventDate "2023.10.20"]
[EventType "team-tourn"]
[EventCountry "GER"]
[SourceTitle "playchess.com"]
[Source "ChessBase"]
[SourceQuality "1"]
[TimeControl "40/6000+30:3000+30"]

1. e4 e5 2. Bc4 Nf6 3. d3 c6 4. Nf3 d5 5. Bb3 Bb4+ 6. Bd2 Bxd2+ 7. Nbxd2 a5 8. c3 Bg4 9. h3 Bxf3 10. Qxf3 O-O 11. O-O a4 12. Bc2 Re8 13. Qd1 b5 14. f4 exf4 15. Rxf4 dxe4 16. Nxe4 Nxe4 17. Rxe4 Rxe4 18. dxe4 Qe7 19. e5 Nd7 20. Qd6 Qxd6 21. exd6 Ne5 22. b3 axb3 23. Bxb3 Kf8 24. Re1 f6 25. Rd1 Rd8 26. a4 bxa4 27. Bxa4 Ke8 28. c4 Nxc4 29. Bxc6+ Kf8 30. d7 Ne5 31. Ba4 Ke7 32. Re1 Kf8 33. Rd1 Ke7 34. Re1 Kd6 35. Rd1+ Ke7 1/2-1/2

[Event "German Bundesliga 2023-24"]
[Site "Germany"]
[Date "2024.02.04"]
[Round "8.8"]
[White "Georgiev, Kiril"]
[Black "Loxine, Jakov"]
[Result "1-0"]
[ECO "E97"]
[WhiteElo "2548"]
[BlackElo "2397"]
[Annotator "ChessBase"]
[PlyCount "73"]
[EventDate "2023.10.20"]
[EventType "team-tourn"]
[EventCountry "GER"]
[SourceTitle "playchess.com"]
[Source "ChessBase"]
[SourceQuality "1"]
[TimeControl "40/6000+30:3000+30"]

1. c4 g6 2. d4 Bg7 3. Nc3 Nf6 4. e4 d6 5. Nf3 O-O 6. Be2 e5 7. O-O Nc6 8. d5 Ne7 9. Nd2 a5 10. a3 Nd7 11. Rb1 f5 12. b4 axb4 13. axb4 Kh8 14. Qc2 Nf6 15. Bb2 c6 16. Rbd1 Bd7 17. c5 cxd5 18. cxd6 fxe4 19. dxe7 Qxe7 20. Qb3 d4 21. Ncxe4 Ba4 22. Qd3 Nd5 23. Ra1 Nf4 24. Qf3 Bc2 25. Rxa8 Rxa8 26. Nc5 Rf8 27. Bd1 Bxd1 28. Rxd1 b6 29. Nd3 Nxd3 30. Qxd3 Qxb4 31. Ba3 Qa4 32. Ne4 Ra8 33. Bd6 Qc6 34. h4 b5 35. h5 Qc4 36. h6 Ra1 37. Rxa1 1-0

[Event "German Bundesliga 2023-24"]
[Site "Germany"]
[Date "2024.02.04"]
[Round "8.8"]
[White "Sebastian, Dirk"]
[Black "Naumann, Alexander"]
[Result "1/2-1/2"]
[ECO "C55"]
[WhiteElo "2432"]
[BlackElo "2498"]
[Annotator "ChessBase"]
[PlyCount "41"]
[EventDate "2023.10.20"]
[EventType "team-tourn"]
[EventCountry "GER"]
[SourceTitle "playchess.com"]
[Source "ChessBase"]
[SourceQuality "1"]
[TimeControl "40/6000+30:3000+30"]

1. e4 e5 2. Nf3 Nc6 3. Bc4 Nf6 4. d3 Be7 5. O-O O-O 6. Nc3 d6 7. a4 a5 8. Re1 Be6 9. Nd5 Nb4 10. d4 Nbxd5 11. exd5 Nxd5 12. dxe5 Ne3 13. Bxe3 Bxc4 14. Bf4 Ra6 15. Nd4 dxe5 16. Bxe5 Bf6 17. Nb5 Bxe5 18. Rxe5 Bxb5 19. Qxd8 Rxd8 20. axb5 Rad6 21. Kf1 1/2-1/2

[Event "German Bundesliga 2023-24"]
[Site "Germany"]
[Date "2024.02.04"]
[Round "8.8"]
[White "Zeller, Frank"]
[Black "Graf, Alexander"]
[Result "1-0"]
[ECO "C92"]
[WhiteElo "2335"]
[BlackElo "2523"]
[Annotator "ChessBase"]
[PlyCount "81"]
[EventDate "2023.10.20"]
[EventType "team-tourn"]
[EventCountry "GER"]
[SourceTitle "playchess.com"]
[Source "ChessBase"]
[SourceQuality "1"]
[TimeControl "40/6000+30:3000+30"]

1. e4 e5 2. Nf3 Nc6 3. Bb5 a6 4. Ba4 Nf6 5. O-O Be7 6. Re1 b5 7. Bb3 d6 8. c3 O-O 9. h3 Bb7 10. d4 Re8 11. Ng5 Rf8 12. Nf3 Re8 13. Nbd2 exd4 14. cxd4 Nd7 15. Nf1 Na5 16. Bc2 Bf6 17. N1h2 c5 18. d5 Nc4 19. Rb1 Nde5 20. Nxe5 Nxe5 21. f4 Ng6 22. Be3 Bc8 23. Qh5 Bd7 24. Ng4 Bxg4 25. hxg4 Qa5 26. Rf1 Bxb2 27. Rxb2 Qc3 28. Bc1 Qd4+ 29. Kh2 c4 30. Qh3 c3 31. Rb3 b4 32. Qe3 Qc5 33. Qxc5 dxc5 34. Be3 Rec8 35. Rbb1 a5 36. Ba4 Ra7 37. d6 Nf8 38. Rbd1 Nd7 39. Rd5 Nf6 40. Rxc5 Rca8 41. Kh3 1-0

[Event "German Bundesliga 2023-24"]
[Site "Germany"]
[Date "2024.02.04"]
[Round "8.8"]
[White "Ronge, Tim"]
[Black "Zelcic, Robert"]
[Result "1/2-1/2"]
[ECO "B03"]
[WhiteElo "2301"]
[BlackElo "2476"]
[Annotator "RC"]
[PlyCount "136"]
[EventDate "2023.10.20"]
[EventType "team-tourn"]
[EventCountry "GER"]
[SourceTitle "playchess.com"]
[Source "ChessBase"]
[SourceQuality "1"]
[TimeControl "40/6000+30:3000+30"]

1. e4 Nf6 2. e5 Nd5 3. d4 d6 4. c4 Nb6 5. exd6 exd6 6. Nc3 Be7 7. h3 O-O 8. Nf3 Bf6 9. Be2 Be6 10. b3 d5 11. c5 N6d7 12. Bb2 b6 13. b4 Re8 14. O-O a5 15. a3 axb4 16. axb4 Rxa1 17. Bxa1 Nc6 18. Bb5 Qa8 19. Bxc6 Qxc6 20. b5 Qa8 21. c6 Nf8 22. Qb3 Qd8 23. Bb2 Ng6 24. Re1 Ne7 25. Ne2 Ng6 26. Nc3 Nf4 27. Bc1 Nd3 28. Rd1 Nxc1 29. Rxc1 Be7 30. Re1 h6 31. Ne5 Qd6 32. Ra1 Qb4 33. Qxb4 Bxb4 34. Nd1 Bd6 35. Ra7 f6 36. Nf3 g5 37. g4 h5 38. Ne3 hxg4 39. hxg4 Kf7 40. Nd2 Kg6 41. Nb1 Bxg4 42. Kg2 Bf5 43. Nc3 Bd3 44. Nexd5 Re1 45. f3 Rc1 46. Ne4 Rc2+ 47. Kh1 Rc1+ 48. Kg2 Rc2+ 49. Kh1 Be2 50. Nxd6 Bxf3+ 51. Kg1 Bxd5 52. Rxc7 g4 53. Ne8 Kf5 54. Rg7 Kf4 55. Nxf6 Bf3 56. Nh5+ Ke3 57. Re7+ Kxd4 58. c7 Bb7 59. Nf4 g3 60. Ne2+ Kd3 61. Nf4+ Kd4 62. Ne2+ Kc4 63. c8=Q+ Bxc8 64. Rc7+ Kd3 65. Nf4+ Kd2 66. Rxc2+ Kxc2 67. Nd5 Bd7 68. Nxb6 Bxb5 1/2-1/2

[Event "German Bundesliga 2023-24"]
[Site "Germany"]
[Date "2024.02.04"]
[Round "8.9"]
[White "Duda, Jan-Krzysztof"]
[Black "Santos Latasa, Jaime"]
[Result "1/2-1/2"]
[ECO "E04"]
[WhiteElo "2726"]
[BlackElo "2615"]
[Annotator "TA"]
[PlyCount "104"]
[EventDate "2023.10.20"]
[EventType "team-tourn"]
[EventCountry "GER"]
[SourceTitle "playchess.com"]
[Source "ChessBase"]
[SourceQuality "1"]
[TimeControl "40/6000+30:3000+30"]

1. Nf3 d5 2. g3 Nf6 3. Bg2 c5 4. O-O Nc6 5. d4 e6 6. c4 dxc4 7. Qa4 Bd7 8. Qxc4 b5 9. Qd3 c4 10. Qc2 {[%emt 0:00:08] E04: Open Catalan: 5 Nf3.} Be7 11. Nc3 O-O 12. Bg5 Qb6 13. a3 Rac8 14. e4 $146 ({Predecessor:} 14. Rad1 h6 15. Bxf6 Bxf6 16. d5 Nd4 17. Nxd4 Bxd4 18. dxe6 Bxe6 19. Nd5 Bxd5 20. Bxd5 {½-½ Le,H (2248)-Vo,T (2335) VIE-chT Hanoi 2022 (8.5)}) 14... b4 15. axb4 Nxb4 16. Qe2 h6 17. Be3 Ng4 18. Bc1 Nf6 19. Be3 Ng4 20. Bc1 Nf6 21. Rd1 a6 22. Ne5 Bb5 23. Be3 Rfd8 24. d5 Bc5 25. Nxf7 Kxf7 26. dxe6+ $1 Kg8 $1 (26... Kxe6 27. e5 Bxe3 28. exf6 $16) 27. e5 Bxe3 $1 28. exf6 Qxe6 $1 29. fxg7 {[%emt 0:08:39] [#]} (29. Qxe3 $11 Qxf6 30. Bb7 Rxd1+ 31. Rxd1) 29... Bxf2+ $1 $17 30. Kxf2 Nd3+ 31. Kg1 $2 (31. Kf1 {nothing else works.} Qf6+ 32. Qf3 Qxg7 33. Qe3) 31... Qb6+ $19 32. Kf1 Qf6+ (32... Rc7 $142 {...Rf7+ is the strong threat.} 33. Bf3 Re7 (33... Rxg7 34. Nxb5 axb5 35. Ra8 $17) (33... Kxg7 34. Nd5 $11) 34. Rxd3 (34. Bd5+ $2 Rxd5 35. Nxd5 Rf7+ 36. Kg2 Qb7 $19) 34... Rxe2 35. Rxd8+ Qxd8 36. Bxe2 Qd2 (36... Kxg7 37. Rd1 $19)) 33. Bf3 $2 (33. Qf3 Qxg7 34. Qe3) 33... Ne5 $2 (33... Kxg7 $2 34. Kg2 Re8 35. Qd2 $19) (33... Qxg7 34. Qe6+ Qf7 35. Qxf7+ (35. Qxh6 $2 Qxf3+ 36. Kg1 Qf2+ 37. Kh1 Bc6+ $19) 35... Kxf7 36. Bg4 $11) (33... Re8 $19 34. Ne4 Qd4 (34... Qxb2 35. Qxb2 Nxb2 36. Nf6+ Kxg7 37. Nxe8+ Rxe8 38. Rdc1 $14) (34... Qxg7 $2 35. Qe3 $19)) 34. Nxb5 $1 $15 axb5 (34... Qxf3+ $2 35. Qxf3 Nxf3 36. Nd6 $16) 35. Ra3 Rd3 (35... Qxg7 36. Rxd8+ Rxd8 37. Re3 Nxf3 38. Rxf3 $11) 36. Rdxd3 cxd3 37. Rxd3 Nxd3 38. Qxd3 Rd8 (38... Qxg7 39. Qxb5 Qf6 40. Qd5+ Kh8 41. b4 $17) 39. Qe2 Kxg7 40. Kg2 Qg5 41. Qe6 Rd2+ 42. Kh3 Qf6 (42... Rxb2 43. Qd7+ Kf8 44. Qd6+ Kf7 45. Bd5+ Ke8 (45... Kg7 46. Qd7+ Kh8 47. Qc8+ Kh7 48. Qd7+ Kh8 49. Qe8+ Kh7 50. Qf7+ Qg7 51. Qf5+ Qg6 52. Qd7+ Qg7 53. Be4+ Kh8 54. Qc8+ Qg8 55. Qf5 $11) 46. Qc6+ Kd8 47. Qd6+ Kc8 (47... Ke8 48. Qe6+ Qe7 49. Qc8+ Qd8 50. Qe6+ Qe7 51. Qg6+ Kd8 52. Qb6+ Ke8 53. Bc6+ Kf7 54. Bd5+ Kg7 55. Qd4+ Qf6 56. Qg4+ Qg5 57. Qd7+ Kh8 58. Qe8+ Kh7 59. Qf7+ Qg7 60. Qf5+ Qg6 61. Qd7+ Kh8 62. Qd8+ Kh7 63. Qe7+ Qg7 64. Be4+ Kh8 65. Qe8+ Qg8 66. Qc6 $11) 48. Qe6+ Kd8 49. Qd6+ Ke8 50. Bc6+ Kf7 51. Bd5+ Ke8 $11 (51... Kg7 52. Qd7+ Kh8 53. Qc8+ Kh7 54. Qb7+ Qg7 55. Be4+ Kh8 56. Qb8+ Qg8 57. Qe5+ Qg7 58. Qe8+ Qg8 59. Qd7 $11)) 43. Qg4+ Kf7 44. Qh5+ $1 Kg7 45. Qg4+ Kh8 46. b4 Rd4 47. Qc8+ Qd8 (47... Kg7 $1 $15) 48. Qe6 (48. Qf5 {simplifies} Qd7 49. Qxd7 Rxd7 50. Bc6) 48... Kg7 49. Bc6 Qg5 50. Be8 Qf6 ({Of course not} 50... Rxb4 51. Qf7+ Kh8 52. Bd7 $11 (52. Qf8+ Qg8 $11)) 51. Qxf6+ Kxf6 52. Bxb5 Rxb4 1/2-1/2

[Event "German Bundesliga 2023-24"]
[Site "Germany"]
[Date "2024.02.04"]
[Round "8.9"]
[White "Navara, David"]
[Black "Cheparinov, Ivan"]
[Result "1/2-1/2"]
[ECO "D78"]
[WhiteElo "2679"]
[BlackElo "2649"]
[Annotator "TA"]
[PlyCount "104"]
[EventDate "2023.10.20"]
[EventType "team-tourn"]
[EventCountry "GER"]
[SourceTitle "playchess.com"]
[Source "ChessBase"]
[SourceQuality "1"]
[TimeControl "40/6000+30:3000+30"]

1. Nf3 d5 2. g3 g6 3. Bg2 Bg7 4. d4 Nf6 5. O-O O-O 6. c4 c6 7. Qb3 Qb6 8. Nc3 Rd8 9. Na4 (9. Bf4 {keeps more tension.} dxc4 10. Qxc4 Qxb2 11. Bc7) 9... Qxb3 10. axb3 {[%emt 0:00:07][%cal Oa4b6] [#] Hoping for Nb6!} Na6 $1 11. Bf4 Bf5 12. Rfc1 h6 13. h4 e6 14. Be5 Nd7 15. Bxg7 Kxg7 16. cxd5 exd5 17. Nc5 Naxc5 18. dxc5 Be4 19. Nd4 Bxg2 20. Kxg2 h5 21. b4 a6 22. Rc3 Re8 23. f3 Rac8 24. Kf2 Re7 25. Raa3 Rce8 26. Re3 Ne5 27. Rac3 f6 28. Kg2 Kf7 29. b3 Kf8 30. Rc1 Kf7 31. Kf1 Kf8 32. Ke1 Kf7 33. Kd1 Kf8 34. Kc2 Kf7 35. Rg1 Kf8 36. Kc3 Kf7 37. Rh1 Kf8 38. Nc2 Kf7 39. Kd4 Kf8 40. Rh2 Kf7 41. Na3 Kf8 42. Nb1 (42. Nc2 $11 {keeps the balance.}) 42... Kf7 (42... Rb8 $17 43. Na3 b6) 43. Nc3 (43. Na3 $1 $11) 43... Kg7 44. Rh1 Kf7 45. Rh3 (45. Rh2 $1 $11) 45... Kg7 (45... b6 $17 {...bxc5+ is the strong threat.} 46. Na4 (46. cxb6 $2 {perishes.} c5+ 47. bxc5 Nc6+ 48. Kxd5 Rxe3 $19) 46... bxc5+ (46... b5 47. Nb6 $11) 47. Nxc5 Rb8 48. Nxa6 Rb5 (48... Rb6 49. f4 $17)) 46. Rh2 (46. Rh1 $11) 46... Kf7 (46... Rd7 $15) 47. Na4 ({White should play} 47. Rh3 $1 $11) 47... Kg7 (47... Ra8 $15) 48. Nb6 (48. Nc3 $11) 48... Kf8 49. Rh1 Nf7 50. Rxe7 Kxe7 51. Re1 Nh6 52. e4 {[%emt 0:00:00] Wards off Nf5+} Kf7 {[%emt 0:00:29] Weighted Error Value: White=0.26 (precise) /Black=0.21 (precise) .  Mistake:       	White=6     	Black=4      Inaccurate:     	White=4     	Black=7      OK:         	White=12    	Black=13     Strong:       	---       	Black=1} 1/2-1/2

[Event "German Bundesliga 2023-24"]
[Site "Germany"]
[Date "2024.02.04"]
[Round "8.9"]
[White "Ivic, Velimir"]
[Black "Parligras, Mircea-Emilian"]
[Result "1/2-1/2"]
[ECO "A34"]
[WhiteElo "2562"]
[BlackElo "2561"]
[Annotator "RC"]
[PlyCount "104"]
[EventDate "2023.10.20"]
[EventType "team-tourn"]
[EventCountry "GER"]
[SourceTitle "playchess.com"]
[Source "ChessBase"]
[SourceQuality "1"]
[TimeControl "40/6000+30:3000+30"]

1. c4 Nf6 2. Nc3 c5 3. Nf3 Nc6 4. g3 d5 5. cxd5 Nxd5 6. Bg2 g6 7. h4 h6 8. Nxd5 Qxd5 9. d3 Bg7 10. Be3 Bxb2 11. O-O Qd6 12. Rb1 Bg7 13. Qc1 Nd4 14. Nxd4 cxd4 15. Bf4 Qe6 16. Qd2 Qf5 17. Be4 Qd7 18. Qa5 g5 19. hxg5 hxg5 20. Bxg5 Qh3 21. Bh4 Bf6 22. Bg2 Qe6 23. Bxf6 Qxf6 24. Rfc1 Qh6 25. Qa4+ Bd7 26. Qxd4 Qh2+ 27. Kf1 Rd8 28. Ke1 Be6 29. Qc3 f6 30. Bxb7 Qg1+ 31. Kd2 Qxf2 32. Rh1 Kf7 33. Qc7 Rd7 34. Qxd7 Bxd7 35. Rxh8 Qxg3 36. Rh7+ Kf8 37. Be4 Qg5+ 38. Kc3 Qc5+ 39. Kd2 Qg5+ 40. Kc3 Qc5+ 41. Kd2 Qg5+ 42. Kc3 Qa5+ 43. Kb2 f5 44. Bf3 Be6 45. Kc2 Qxa2+ 46. Rb2 Qa4+ 47. Kd2 Qa5+ 48. Kd1 Qa1+ 49. Kc2 Qa4+ 50. Kd2 Qa5+ 51. Kd1 Qa1+ 52. Kc2 Qa4+ 1/2-1/2

[Event "German Bundesliga 2023-24"]
[Site "Germany"]
[Date "2024.02.04"]
[Round "8.9"]
[White "Pfreundt, Jakob"]
[Black "Vitiugov, Nikita"]
[Result "0-1"]
[ECO "E06"]
[WhiteElo "2455"]
[BlackElo "2686"]
[Annotator "TA"]
[PlyCount "70"]
[EventDate "2023.10.20"]
[EventType "team-tourn"]
[EventCountry "GER"]
[SourceTitle "playchess.com"]
[Source "ChessBase"]
[SourceQuality "1"]
[TimeControl "40/6000+30:3000+30"]

1. Nf3 Nf6 2. g3 d5 3. Bg2 e6 4. d4 Be7 5. c4 c6 6. Nc3 Nbd7 7. Qd3 b6 8. cxd5 {[%emt 0:03:48] The position is equal.} cxd5 9. Bf4 Nh5 10. Bd2 Bb7 11. h4 Nhf6 12. Bf4 a6 13. a4 Rc8 14. Kf1 Bb4 15. Na2 Qe7 16. Nxb4 Qxb4 17. Bh3 Qxb2 18. Rb1 Qa2 19. Kg2 Qxa4 20. Ra1 Qc2 21. Qa3 {[%emt 0:07:36] [#]} Qc3 (21... Qxe2 $2 {loses.} 22. Rhe1 Qb5 23. Rab1 $18) 22. Qxc3 Rxc3 23. Rhc1 Rc4 24. Nd2 Rc8 25. Rxc8+ Bxc8 26. Bd6 (26. Rc1 $17 {might work better.} O-O 27. g4) 26... Kd8 $19 27. Rc1 Ne8 28. Bf4 h6 29. Nf3 a5 30. Ne5 Nxe5 31. Bxe5 (31. dxe5 $142 Bb7 32. e4) 31... Kd7 32. Bb8 (32. Kg1 {is a better defense.}) 32... Bb7 {[%emt 0:02:47] ...Bc6 would now be deadly.} 33. Ba7 b5 34. Rc5 $2 {[%emt 0:00:33] [#]} (34. Bb6) 34... Bc6 35. Bb6 Nd6 {[%emt 0:00:42] Weighted Error Value: White=0.25 (precise) /Black=0.05 (flawless) .  Mistake:       	White=4     	---        Inaccurate:     	White=3     	Black=1      OK:         	White=7     	Black=19     Best:        	White=3     	---} 0-1